 Dungeon Crawl Stone Soup version 0.31-a0-618-g7ca08c1ff9 (webtiles) character file.

Game seed: 8692345581425027500

49067 Mickster the Severer (level 14, -16/189 HPs)
             Began as a Hill Orc Berserker on Aug 22, 2023.
             Was a High Priest of Trog.
             Demolished by an orc knight
             ... wielding a +0 great mace
              (25 damage)
             ... on level 14 of the Dungeon.
             The game lasted 02:33:05 (16480 turns).

Mickster the Severer (Hill Orc Berserker)          Turns: 16480, Time: 02:33:06

Health: -16/189    AC: 31    Str: 29    XL:     14   Next: 49%
Magic:  14/14      EV: 10    Int:  7    God:    Trog [*****.]
Gold:   901        SH:  0    Dex: 12    Spells: 13/13 levels left

rFire   + . .        f - +6 war axe (spect)
rCold   . . .        (no shield)
rNeg    . . .        r - +3 plate armour
rPois   +            S - +1 hat {Will+}
rElec   .            O - +2 cloak
rCorr   .            c - +1 pair of gloves
SInv    .            E - +2 pair of boots
Will    ++++.        Q - amulet of regeneration Stlth
                     h - ring of poison resistance
HPRegen 2.31/turn    X - ring "Joemeb" {rF+ Str+6}
MPRegen 0.14/turn

%: no passive effects
@: berserking, strong-willed, regenerating, studying Dodging, very quick
A: no striking features
a: Renounce Religion, Convert to Beogh, Berserk, Trog's Hand, Brothers in Arms


You were on level 14 of the Dungeon.
You worshipped Trog.
Trog was extremely pleased with you.
You visited 3 branches of the dungeon, and saw 17 of its levels.
You also visited: Sewer.

You collected 931 gold pieces.
You spent 30 gold pieces at shops.

Inventory:

Hand Weapons
 f - a +6 spectral war axe (weapon)
 l - a +1 falchion of protection
 u - a +3 hand axe
 y - a +0 heavy battleaxe
 P - a +0 demon whip of venom
 W - a +0 hand axe of holy wrath
Missiles
 j - 15 javelins
 t - 5 atropa-tipped darts
 w - 24 poisoned darts
 B - 9 curare-tipped darts (quivered)
 I - 14 boomerangs
 Y - 5 throwing nets
Armour
 c - a +1 pair of gloves (worn)
 r - a +3 plate armour (worn)
 E - a +2 pair of boots (worn)
 O - a +2 cloak (worn)
 S - a +1 hat of willpower (worn)
Jewellery
 a - an amulet of faith
 g - a ring of protection from fire
 h - a ring of poison resistance (left hand)
 i - an amulet of the acrobat
 k - a +6 ring of strength
 L - a ring of resist corrosion
 Q - an amulet of regeneration (around neck)
 X - the ring "Joemeb" (right hand) {rF+ Str+6}
   (You found it on level 11 of the Dungeon)

   [ring of strength]

   Str+6:     It affects your strength (+6).
   rF+:       It protects you from fire.
Talismans
 p - a blade talisman
 K - a beast talisman
 N - a serpent talisman
Wands
 J - a wand of roots (13)
Scrolls
 b - a scroll of noise {unknown}
 d - a scroll of fog
 e - a scroll of amnesia {unknown}
 n - 5 scrolls of blinking
 v - 2 scrolls of fear
 x - 4 scrolls of teleportation
 A - a scroll of poison
 H - 3 scrolls of revelation
 T - a scroll of immolation
Potions
 o - 4 potions of cancellation
 q - 4 potions of lignification
 s - 2 potions of ambrosia
 z - a potion of brilliance
 C - 2 potions of magic
 D - a potion of resistance
 F - a potion of experience {unknown}
 G - 5 potions of curing
 M - 2 potions of heal wounds
 U - a potion of attraction {unknown}
 V - 3 potions of enlightenment


   Skills:
 + Level 12.3 Fighting
 - Level 1.4(1.9) Short Blades
 - Level 1.8(2.2) Long Blades
 * Level 19.6 Axes
 - Level 6.8 Throwing
 * Level 15.4 Armour
 * Level 6.3 Dodging
 + Level 2.7 Stealth


You had 13 spell levels left.
You didn't know any spells.
Your spell library was empty.

Dungeon Overview and Level Annotations

Branches:
Dungeon (14/15)            Temple (1/1) D:5            Lair (2/5) D:8
  Snake (0/4) Lair:2          Orc (0/2) D:10          Sewer (visited)
  Swamp: Lair:2-3    Shoals: Lair:2-3    Vaults: D:13-14

Altars:
Ashenzari
Cheibriados
Dithmenos
Elyvilon
Fedhas
Gozag
Hepliaklqana
Kikubaaqudgha
Makhleb
Nemelex Xobeh
Okawaru
Qazlal
Ru
Sif Muna
Trog
Uskayaw
Vehumet
Wu Jian
Xom
Yredelemnul
Zin
The Shining One
Beogh

Shops:
D:5 =   D:9 ?

Portals:
Trove: D:11 (give +4 fire dragon scales)

Annotations:
D:4 gebbletook2's ghost, amateur OpSh
D:8 2 transporters, Ofeo's ghost, novice KoBr


Message History

Your +6 spectral war axe hits the orc knight but does no damage.
The orc high priest hits you from afar with a +0 trident!
The orc knight misses you. The orange demon barely misses you.
Your ogre barely misses the orc high priest.
Your +6 spectral war axe disappears.
The orc high priest jeers loudly, as Orcs often do.
The orc high priest calls down the wrath of Beogh upon you.
Beogh smites you!
The orc knight hits you with a +0 great mace!!
* * * LOW HITPOINT WARNING * * *
The orange demon stings you from afar!
* * * LOW HITPOINT WARNING * * *
Your ogre barely misses the orc high priest.
Things that are here:
a +0 whip; a +0 robe; an ogre corpse You feel much better.
The orc high priest barely misses you.
The orc knight hits you but does no damage.
The orange demon stings you from afar!
* * * LOW HITPOINT WARNING * * *
Your ogre misses the orc high priest.
The orc high priest shouts, "Beogh is our master!
Accept the truth or die!"
A red film seems to cover your vision as you go berserk!
You feel yourself moving faster!
You feel mighty!
The orc high priest hits you but does no damage.
The orc knight misses you. The smoke demon gestures at you. Beogh smites you!
* * * LOW HITPOINT WARNING * * *
The orange demon stings you but does no damage.
Your ogre barely misses the orc high priest.
You barely miss the orc knight.
The orc knight is moderately wounded.
The orc high priest shouts, "Surrender to Beogh and we'll let you live!"
Your +6 spectral war axe hits the orc knight!!
The orc high priest calls down the wrath of Beogh upon you.
Beogh smites you!
* * * LOW HITPOINT WARNING * * *
A deep elf zephyrmancer comes into view.
It is wielding a +0 dagger.
The orc knight hits you with a +0 great mace!!
You die...

.........................#
#########''''#############
#....# #....# #....#
#######....# ###
......#....#....
.....34....'..8#
.....CoO@o.'..8#
.e...T#8()8#.... #####
###### #


You could see an orc knight (strong), an orc high priest (strong, ally target),
an orange demon (summoned), a cyclops, a deep troll earth mage, a deep elf
zephyrmancer, a smoke demon (summoned), a friendly ogre (summoned, berserk) and
a friendly +6 spectral war axe.

Vanquished Creatures
  Gastronok (Lair:1)
  Kirke (D:12)
  A fire giant (D:14)
  2 centaur warriors (D:13)
  A catoblepas (Lair:2)
  An ogre mage (D:14)
  Erica (D:9)
  The ghost of osoart the Nimble, a journeyman FeSh of Wu Jian (D:14)
  4 boulder beetles
  11 two-headed ogres
  A tengu warrior (D:14)
  Sonja (D:12)
  Nergalle (D:12)
  A deep elf knight (D:14)
  Amaemon (D:8)
  Lodul (D:12)
  A deep elf pyromancer (D:12)
  2 orc knights
  5 cyclopes
  An ugly thing (D:13)
  6 black mambas
  A gargoyle (D:10)
  An orange demon (D:8)
  2 kobold demonologists (D:7)
  2 cane toads (Lair:1)
  2 unseen horrors
  7 komodo dragons
  A rime drake (Lair:1)
  A yaktaur (D:11)
  A polar bear (Lair:2)
  7 trolls
  A hornet (D:7)
  13 blink frogs
  3 dream sheep (D:10)
  A slime creature (D:13)
  A wraith (D:13)
  2 wyverns
  A shadow (D:13)
  6 yaks
  9 basilisks
  5 hogs (D:12)
  2 steam dragons
  A steam dragon (shapeshifter) (D:14)
  11 vampire mosquitoes
  An acid dragon (D:12)
  2 wargs (D:14)
  14 water moccasins
  2 hell hounds (D:14)
  2 sky beasts
  A hornet zombie (D:6)
  6 orc warriors
  3 ice beasts
  3 wolves (Lair:2)
  6 centaurs
  10 ogres
  3 phantoms (D:6)
  5 kobold brigands
  7 bullfrogs
  4 gnoll sergeants
  4 scorpions
  6 wights
  An electric eel (Lair:2)
  7 howler monkeys
  3 hounds
  A centaur zombie (D:6)
  A bullfrog zombie (D:6)
  5 jellies
  2 gnoll boudas
  3 orc priests
  A centaur skeleton (D:4)
  A sleepcap (D:6)
  5 iguanas
  13 orc wizards
  2 killer bee zombies
  2 howler monkey zombies (D:6)
  21 gnolls
  A howler monkey skeleton (D:6)
  14 adders
  4 river rats (Sewer)
  2 shadow imps
  A white imp (D:8)
  3 worms
  7 dart slugs
  59 orcs
  10 ball pythons
  7 endoplasms
  11 giant cockroaches
  7 goblins
  3 hobgoblins
  2 jackals (D:2)
  6 quokkas
  5 bats
  7 frilled lizards
  23 kobolds
  12 rats
457 creatures vanquished.

Vanquished Creatures (collateral kills)
  A manticore (D:13)
  A tengu conjurer (D:14)
  5 blink frogs (Lair:2)
  5 slime creatures (D:13)
  An ogre (D:12)
  A bullfrog (Lair:2)
14 creatures vanquished.

Vanquished Creatures (others)
  A gnoll (D:8)
  2 spectral weapons
3 creatures vanquished.

Grand Total: 474 creatures vanquished

Notes
Turn   | Place    | Note
-------+----------+-------------------------------------------
     0 | D:1      | Mickster the Hill Orc Berserker began the quest for the
                  | Orb.
     0 | D:1      | Reached XP level 1. HP: 19/19 MP: 1/1
     9 | D:1      | Noticed an ogre
    79 | D:1      | Reached XP level 2. HP: 17/27 MP: 2/2
   289 | D:1      | Found a faded altar of an unknown god.
   378 | D:1      | Reached XP level 3. HP: 33/33 MP: 3/3
   666 | D:1      | Reached ** piety under Trog
  1264 | D:2      | Reached XP level 4. HP: 41/41 MP: 4/4
  1292 | D:2      | Reached skill level 1 in Short Blades
  2193 | D:2      | Reached XP level 5. HP: 47/47 MP: 5/5
  2338 | D:3      | Found an opulent altar of Gozag.
  2521 | D:3      | Reached skill level 5 in Axes
  2748 | D:3      | Reached skill level 1 in Long Blades
  2808 | D:3      | Found a radiant altar of Vehumet.
  3151 | D:4      | Reached XP level 6. HP: 46/55 MP: 6/6
  3277 | D:4      | Found an ornate altar of the Wu Jian Council.
  3483 | D:4      | Found an iron altar of Okawaru.
  3721 | D:4      | Found a transporter.
  3742 | D:4      | Found a transporter.
  3747 | D:4      | Noticed gebbletook2's ghost (amateur OpSh)
  4498 | D:5      | Entered Level 5 of the Dungeon
  4522 | D:5      | Reached skill level 5 in Armour
  4569 | D:5      | Reached XP level 7. HP: 60/60 MP: 7/7
  4853 | D:5      | Reached skill level 6 in Axes
  4860 | D:5      | Reached skill level 5 in Fighting
  4952 | D:5      | Found a staircase to the Ecumenical Temple.
  4984 | Temple   | Entered the Ecumenical Temple
  5158 | D:5      | Reached XP level 8. HP: 68/68 MP: 8/8
  5252 | D:5      | Found Kugriudd's Jewellery Boutique.
  5390 | D:6      | Reached skill level 7 in Axes
  5510 | D:6      | Reached skill level 8 in Axes
  5516 | D:6      | Found a glowing drain.
  5580 | Sewer    | Entered a sewer
  5652 | Sewer    | Reached *** piety under Trog
  5673 | Sewer    | Reached skill level 9 in Axes
  5759 | Sewer    | Found a viscous altar of Jiyva.
  6000 | D:6      | Reached XP level 9. HP: 74/74 MP: 9/9
  6020 | D:6      | Reached skill level 10 in Axes
  6283 | D:6      | Found a sacrificial altar of Ru.
  6803 | D:7      | Reached skill level 11 in Axes
  7004 | D:7      | Noticed a hornet
  7011 | D:7      | Killed a hornet
  7012 | D:7      | Reached skill level 1 in Throwing
  7068 | D:7      | Reached skill level 12 in Axes
  7104 | D:7      | Found a flagged portal.
  7300 | D:7      | Noticed a kobold demonologist
  7304 | D:7      | Noticed a kobold demonologist
  7315 | D:7      | Reached XP level 10. HP: 70/84 MP: 10/10
  7317 | D:7      | Noticed a smoke demon
  7325 | D:7      | Noticed a sun demon
  7435 | D:7      | Killed a kobold demonologist
  7436 | D:7      | Reached skill level 13 in Axes
  7437 | D:7      | Noticed a sixfirhy
  7439 | D:7      | Killed a kobold demonologist
  7797 | D:8      | Noticed Amaemon
  7803 | D:8      | Noticed an orange demon
  7812 | D:8      | Killed Amaemon
  7818 | D:8      | Killed an orange demon
  7831 | D:8      | Reached skill level 14 in Axes
  8240 | D:8      | Found a staircase to the Lair.
  8425 | D:8      | Noticed a moth of wrath
  8428 | D:8      | Noticed Ofeo's ghost (novice KoBr)
  8429 | D:8      | Found a transporter.
  8434 | D:8      | Found a bloodstained altar of Trog.
  8457 | D:8      | Found a transporter.
  8903 | Lair:1   | Entered Level 1 of the Lair of Beasts
  8934 | Lair:1   | Reached **** piety under Trog
  8990 | Lair:1   | Reached skill level 15 in Axes
  9008 | Lair:1   | Reached XP level 11. HP: 89/93 MP: 11/11
  9065 | Lair:1   | Reached skill level 10 in Armour
  9239 | Lair:1   | Reached skill level 1 in Stealth
  9252 | Lair:1   | Noticed Gastronok
  9283 | Lair:1   | Killed Gastronok
  9498 | Lair:1   | Reached skill level 16 in Axes
 10425 | Lair:2   | Reached XP level 12. HP: 103/103 MP: 12/12
 10450 | Lair:2   | Reached skill level 17 in Axes
 10531 | Lair:2   | Found a staircase to the Snake Pit.
 10538 | Lair:2   | Reached skill level 5 in Throwing
 10582 | Lair:2   | Noticed a catoblepas
 10592 | Lair:2   | Killed a catoblepas
 11605 | D:9      | Reached skill level 10 in Fighting
 11763 | D:9      | Found a roughly hewn altar of Beogh.
 12072 | D:9      | Found Qinokeum's Magic Scroll Boutique.
 12097 | D:9      | Bought a scroll of identify for 30 gold pieces
 12165 | D:9      | Noticed Erica
 12175 | D:9      | Killed Erica
 12443 | D:10     | Entered Level 10 of the Dungeon
 12444 | D:10     | Upgraded the game from 0.31-a0-609-g7bf6ffcfed to
                  | 0.31-a0-618-g7ca08c1ff9
 12449 | D:10     | Noticed a boulder beetle
 12460 | D:10     | Killed a boulder beetle
 12654 | D:10     | Found a staircase to the Orcish Mines.
 12729 | D:10     | Reached ***** piety under Trog
 12739 | D:10     | Reached skill level 18 in Axes
 12945 | D:10     | Identified a scroll of acquirement
 12945 | D:10     | Acquired a manual of Dodging
 13054 | D:10     | Found a white marble altar of Elyvilon.
 13390 | D:11     | Reached XP level 13. HP: 114/114 MP: 13/13
 13619 | D:11     | Found a portal to a secret trove of treasure.
 14056 | D:11     | Identified the ring "Joemeb" {rF+ Str+6}
 14426 | D:12     | Noticed Nergalle
 14445 | D:12     | Killed Nergalle
 14589 | D:12     | Noticed Sonja
 14625 | D:12     | Killed Sonja
 14756 | D:12     | Noticed Kirke
 14769 | D:12     | Killed Kirke
 14892 | D:12     | Noticed Lodul
 14906 | D:12     | Killed Lodul
 14907 | D:12     | Reached skill level 5 in Dodging
 14968 | D:12     | Found a sacrificial altar of Ru.
 15578 | D:13     | Reached XP level 14. HP: 83/125 MP: 14/14
 15843 | D:13     | Reached skill level 19 in Axes
 16153 | D:14     | Noticed osoart's ghost (journeyman FeSh)
 16153 | D:14     | Identified the +4 great mace of the Lesser Evil {flame,
                  | rElec rPois Str-3 Int-3}
 16153 | D:14     | Noticed a fire giant
 16156 | D:14     | Found a transporter.
 16171 | D:14     | Found a transporter.
 16186 | D:14     | Reached skill level 15 in Armour
 16220 | D:14     | Killed osoart's ghost
 16220 | D:14     | HP: 7/189 [two-headed ogre/+0 giant spiked club (9)]
 16221 | D:14     | Killed a fire giant
 16222 | D:14     | HP: 3/189 [two-headed ogre/+0 giant club (6)]
 16412 | D:14     | Received a gift from Trog
 16480 | D:14     | HP: 9/189 [orc high priest/divine providence (17)]
 16480 | D:14     | Demolished by an orc knight

Illustrated notes

Levels and vault maps discovered:
D:1:      evilmike_arrival_come_back, layout_basic,
          hellmonk_ecumenical_altar_heavens_door, chequers_serial_rivers_room_a,
          dk_noncrumbling_4
D:2:      layout_basic, chequers_mini_garden, columned_hall_lemuel,
          minmay_pentomino_q2
D:3:      layout_rooms, mainiacjoe_overflow_catwalk_spiral, serial_bayou_lake_a
D:4:      layout_loops_corners, nicolae_wu_jian_glorious_leap,
          okawaru_ov_weapons_minmay, gammafunk_ghost_mausoleum,
          kennysheep_pointless_box
D:5:      layout_basic, minmay_temple_entry_sparse_star, serial_shops, shop
D:6:      layout_basic, lemuel_round_altar, gup_sewer_entry_glass,
          serial_undead, serial_undead_b, serial_undead_b, serial_undead_f,
          serial_undead_f, minmay_between
D:7:      layout_cave_pools, enter_bailey_2
D:8:      layout_loops_ring, grunt_lair_entry_orc_guard_hut,
          gammafunk_ghost_wrathful_warriors, uniq_amaemon
D:9:      layout_roguey, serial_shops, nicolae_shop_getting_attention,
          special_room [special_room_orc], solitary_fountain,
          kennysheep_minor_cross, st_stairs_12, chequers_serial_rivers_large_b,
          uniq_erica
D:10:     layout_basic, elyvilon_altar_1, orc_david_3, hex_large,
          dreamdust_gnoll_shepherd
D:11:     minmay_chambers_of_sixes, layout_small_grid,
          nicolae_trove_entry_columns
D:12:     layout_basic, minmay_misc_feat_secret_circle, nicolae_ru_awakened_eye,
          uniq_kirke, uniq_sonja, uniq_lodul, uniq_nergalle
D:13:     layout_gridville
D:14:     lemuel_castle_with_subvaults [lemuel_castle_interior_carwin_2],
          layout_irregular_city, david_vaults_4, gammafunk_ghost_smash,
          patterned_corridor
Temple:   nicolae_temple_elliptical
Lair:1:   layout_small_grid, grunt_megastairs_2, infiniplex_staircase_pool,
          uniq_gastronok
Lair:2:   layout_long_grid, minmay_snake_entry_six_corridors,
          serial_bayou_lagoon_b

Skill      XL: |  1  2  3  4  5  6  7  8  9 10 11 12 13 14 |
---------------+-------------------------------------------+-----
Fighting       | 4 5 6 7 8 10 11 12 | 12.3
Dodging        | 2 5 6 |  6.3
Short Blades   | 1 |  1.4
Armour         | 4 5 6 7 9 11 12 14 15 | 15.4
Axes           | 5 6 9 12 15 16 18 19 | 19.6
Long Blades    | 1 |  1.8
Throwing       | 1 3 4 5 6 |  6.8
Stealth        | 1 2 |  2.7

Action                     |  1- 3 |  4- 6 |  7- 9 | 10-12 | 13-15 || total
---------------------------+-------+-------+-------+-------+-------++-------
  Melee: Hand axe          |    73 |    87 |   244 |       |       ||   404
         Dagger            |    16 |    46 |       |       |       ||    62
         Punch             |     1 |     2 |     2 |     4 |     4 ||    13
         Falchion          |       |   110 |       |       |       ||   110
         War axe           |       |       |    89 |   446 |   250 ||   785
  Throw: Dart              |       |     3 |     4 |       |     1 ||     8
 Invoke: Berserk           |     2 |     4 |    13 |    12 |     7 ||    38
         Trog's Hand       |       |     6 |     6 |     3 |     2 ||    17
         Brothers in Arms  |       |       |       |     3 |     4 ||     7
    Use: Scroll            |     5 |     8 |     4 |    15 |     1 ||    33
         Potion            |       |       |       |       |     2 ||     2
   Stab: Distracted        |       |       |       |     4 |     5 ||     9
 Armour: Animal skin       |    19 |       |       |       |       ||    19
         Scale mail        |     9 |   116 |       |       |       ||   125
         Chain mail        |       |     9 |       |       |       ||     9
         Plate armour      |       |   152 |   218 |   229 |   180 ||   779
  Dodge: Dodged            |    52 |   265 |   203 |   224 |   123 ||   867

Table legend: (Time is in decaauts)
 A = Elapsed time spent in this place.
 B = Non-inter-level travel time spent in this place.
 C = Inter-level travel time spent in this place.
 D = Time resting spent in this place.
 E = Time spent auto-exploring this place.
 F = Levels seen in this place.
 G = Mean time per level.
                   A        B        C        D        E       F      G
               +--------+--------+--------+--------+--------+-----+--------+
         Total |  16739 |  16129 |    610 |   1290 |   8730 |  18 |  929.9 |
       Dungeon |  13685 |  13191 |    494 |   1000 |   7313 |  14 |  977.5 |
        Temple |     33 |     33 |      0 |      0 |      0 |   1 |   33.0 |
          Lair |   2649 |   2533 |    116 |    290 |   1355 |   2 | 1324.5 |
         Sewer |    370 |    370 |      0 |      0 |     61 |   1 |  370.0 |
               +--------+--------+--------+--------+--------+-----+--------+

Top non-repeatable levels by time:
     D:4: 1442 daAuts
  Lair:2: 1357 daAuts
  Lair:1: 1291 daAuts
     D:1: 1253 daAuts
     D:8: 1164 daAuts
     D:6: 1125 daAuts
     D:2: 1102 daAuts
     D:7: 1044 daAuts
    D:11: 1034 daAuts
    D:12: 925 daAuts
     D:9: 893 daAuts
    D:10: 884 daAuts
    D:13: 844 daAuts
     D:5: 840 daAuts
     D:3: 795 daAuts
